 Dungeon Crawl Stone Soup version 0.32-a0-814-g0968bab981 (webtiles) character file.

Game seed: 18139498233867680240

3733 warriortoast the Mimic (level 10, -3/69 HPs)
             Began as an Octopode Shapeshifter on Mar 22, 2024.
             Slain by Prince Ribbit (15 damage)
             ... on level 7 of the Dungeon.
             The game lasted 00:15:35 (7293 turns).

warriortoast the Mimic (Octopode Shapeshifter)      Turns: 7293, Time: 00:15:36

Health: -3/69      AC:  1    Str: 24    XL:     10   Next: 14%
Magic:  10/10      EV: 17    Int: 13    God:
Gold:   100        SH:  5    Dex: 11    Spells: 9/9 levels left

rFire   + .          .
                       - Unarmed
rCold   . . .        (shield currently unavailable)
rNeg    . . .        (helmet restricted)
rPois   .            l - amulet of reflection
rElec   .            k - +6 ring of strength
rCorr   .            u - ring of protection from fire
SInv    .            (no ring)
Will    .....        (no ring)
Stlth   ++           (no ring)
HPRegen 0.31/turn    (no ring)
MPRegen 0.12/turn    (no ring)
                     (no ring)

%: reflection
@: flux-form, glowing
A: glow, contaminating, almost no armour, amphibious, 8 rings, camouflage 1,
gelatinous body 1, (nimble swimmer 1), tentacles
a: Begin Untransformation


You were on level 7 of the Dungeon.
You were something dangerously unstable.
You visited 1 branch of the dungeon, and saw 7 of its levels.

You collected 347 gold pieces.
You spent 247 gold pieces at shops.

Inventory:

Jewellery
 k - a +6 ring of strength (left tentacle)
 l - an amulet of reflection (around mantle)
 q - an amulet of regeneration
 u - a ring of protection from fire (right tentacle)
Talismans
 b - a beast talisman
 c - a flux talisman (active)
Wands
 o - a wand of mindburst (17)
 v - a wand of charming (7)
 x - a wand of flame (6)
Scrolls
 d - 3 scrolls of fear
 e - a scroll of noise {unknown}
 f - a scroll of amnesia {unknown}
 g - a scroll of blinking
 n - a scroll of revelation
 p - a scroll of poison {unknown}
 r - a scroll of fog
 s - 2 scrolls of identify
 t - a scroll of vulnerability {unknown}
Potions
 a - a potion of lignification
 i - 2 potions of curing
 j - a potion of brilliance
 m - 2 potions of degeneration
 w - a potion of enlightenment {unknown}


   Skills:
 + Level 6.8 Fighting
 + Level 3.8 Dodging
 - Level 5.0 Stealth
 - Level 6.0 Unarmed Combat
 - Level 10.0 Shapeshifting


You had 9 spell levels left.
You didn't know any spells.
Your spell library contained the following spells:

 Spells                   Type           Power      Damage    Failure   Level
 Lesser Beckoning         Tloc           0%         N/A       43%         2
 Scorch                   Fire           0%         2d5       43%         2
 Gell's Gravitas          Tloc           0%         N/A       67%         3
 Teleport Other           Tloc           0%         N/A       67%         3
 Flame Wave               Conj/Fire      0%         2d4       97%         4
 Summon Cactus Giant      Summ           0%         N/A       100%        6


Dungeon Overview and Level Annotations

Branches:
Dungeon (7/15)             Temple (0/1) D:7

Altars:
Ashenzari
Cheibriados
Dithmenos
Fedhas
Hepliaklqana
Uskayaw
Xom
Yredelemnul

Shops:
D:5 ?

Annotations:
D:7 Prince Ribbit


Innate Abilities, Weirdness & Mutations

You are something dangerously unstable.
You glow with magical radiation, making you easy to see and hit.
Foes you strike become dangerously contaminated with magical radiation.
You are incapable of wielding weapons or throwing items.
You cannot wear most types of armour.
You are amphibious.
You can wear up to eight rings at the same time.
Your skin changes colour to match your surroundings (Stealth+).
Your rubbery body absorbs attacks. (AC +1, EV +1)
((You are camouflaged when in or above water. (Stealth+)))
You have tentacles for arms and can constrict up to eight enemies at once.


Message History

You constrict the orc.
You kill the orc!
Joseph shoots a sling bullet.
You block the sling bullet with an invisible shield... and reflect it back!
The sling bullet hits Joseph!
Joseph shoots a sling bullet.
You block the sling bullet with an invisible shield... and reflect it back!
The sling bullet hits Joseph!
You hear the faint creaking of a portcullis very nearby.
Prince Ribbit blinks!
Joseph unwields a +0 sling.
Joseph wields a +0 quarterstaff.
Joseph misses you.
You tentacle-slap Joseph.
Joseph begins to glow.
You grab Joseph.
Joseph is heavily wounded.
You constrict Joseph.
Prince Ribbit blinks!
Joseph hits you with a +0 quarterstaff!
You tentacle-slap Joseph.
Joseph glows dangerously bright.
Joseph is severely wounded.
You constrict Joseph.
Prince Ribbit sighs, "It's not easy being green!"
Joseph hits you with a +0 quarterstaff!
You tentacle-slap Joseph but do no damage.
Joseph shudders as magic cascades through him!!
Joseph twists and deforms.
Joseph is almost dead.
You constrict Joseph!
You kill Joseph!
You block Prince Ribbit's attack. Prince Ribbit barely misses you.
You barely miss Prince Ribbit. Your grab misses Prince Ribbit.
Your squeeze misses Prince Ribbit. Prince Ribbit misses you.
You closely miss Prince Ribbit. Your grab misses Prince Ribbit.
You squeeze Prince Ribbit!
Prince Ribbit is lightly wounded.
You block Prince Ribbit's attack.
You barely miss Prince Ribbit. Your grab misses Prince Ribbit.
Prince Ribbit is lightly wounded.
Prince Ribbit hits you!!
* * * LOW HITPOINT WARNING * * *
Prince Ribbit blinks!
Prince Ribbit hits you!
You die...

#.##*≈.≈...~,~*******,,,,,,,,*
#..#*≈.≈._.≈.≈*,***#.,***,,,,*
###..#*≈.≈...≈.≈*,##,.,**
*,,,,*
#....##≈..≈≈~..≈*,.#.#**
*,**** ......#.≈≈≈≈~~≈.*,.#.##
*<* ..##.##.....,,,.##....#
*,*
...#...#**###**#......###**,*
#......####.####)>....)..,,,*
##..........#...p.)......,,,**
#...###'###...F#........,,,,*
#.<.#≈§.≈~#......#:.####***,*
###.#§§.≈≈#............,* *,*
#.+§._..+.#.~~~~~~~~~.***,***
###≈§.≈≈###.~≈~≈~≈≈≈~.,,,,,,*
#≈§§≈≈#*#.~##+++##~.,,,,,,*
###+###,(.~#,,,,,*~.,,,,,,*
*,,,,,#.~#∩,,,>*~,,,,,,,*


You could see Prince Ribbit.

Vanquished Creatures
  Pikel (D:5)
  Joseph (D:7)
  The ghost of SparkingGeo the Covered, an amateur MiFi (D:4)
  Eustachio (D:4)
  2 water moccasins (D:6)
  Duvessa (D:5)
  2 sky beasts
  3 ogres
  A black bear (D:4)
  An ice beast (D:5)
  A wolf (D:5)
  2 centaurs (D:6)
  2 phantoms
  A bullfrog (D:7)
  2 gnoll sergeants (D:5)
  2 scorpions (D:6)
  Dowan (D:5)
  A bombardier beetle (D:6)
  5 jellies
  2 orc priests
  2 gnoll boudas (D:5)
  6 hounds
  3 sleepcaps
  2 iguanas (D:4)
  16 gnolls
  3 adders
  A shadow imp (D:5)
  2 white imps (D:5)
  2 ufetubi (D:6)
  A ribbon worm (D:4)
  2 dart slugs
  18 orcs
  4 ball pythons
  7 endoplasms
  8 giant cockroaches
  8 goblins
  A jackal (D:5)
  A quokka (D:2)
  2 frilled lizards
  4 kobolds
  4 rats
130 creatures vanquished.

Notes
Turn   | Place    | Note
-------+----------+-------------------------------------------
     0 | D:1      | warriortoast the Octopode Shapeshifter began the quest for
                  | the Orb.
     0 | D:1      | Reached XP level 1. HP: 13/13 MP: 1/1
    87 | D:1      | Reached skill level 1 in Stealth
    87 | D:1      | Reached XP level 2. HP: 18/18 MP: 2/2
   509 | D:1      | Reached XP level 3. HP: 20/23 MP: 3/3
   752 | D:2      | Reached XP level 4. HP: 15/29 MP: 4/4
  2070 | D:3      | Found a shadowy altar of Dithmenos.
  2278 | D:3      | Reached XP level 5. HP: 35/35 MP: 5/5
  2368 | D:3      | Found a faded altar of an unknown god.
  2878 | D:4      | Noticed Eustachio
  3082 | D:4      | Reached skill level 4 in Shapeshifting
  3082 | D:4      | Reached XP level 6. HP: 39/41 MP: 6/6
  3160 | D:4      | Noticed a black bear
  3299 | D:5      | Entered Level 5 of the Dungeon
  3603 | D:4      | Killed Eustachio
  3604 | D:4      | Reached skill level 5 in Stealth
  3604 | D:4      | Reached XP level 7. HP: 47/47 MP: 7/7
  3645 | D:4      | Found a runed translucent gate.
  3647 | D:4      | Found a runed translucent gate.
  3647 | D:4      | Found a runed translucent gate.
  3650 | D:4      | Noticed SparkingGeo's ghost (amateur MiFi)
  3670 | D:4      | Killed SparkingGeo's ghost
  3671 | D:4      | Reached skill level 5 in Unarmed Combat
  3671 | D:4      | Reached skill level 5 in Shapeshifting
  3779 | D:5      | Reached XP level 8. HP: 43/54 MP: 8/8
  3779 | D:5      | Noticed Dowan
  4074 | D:5      | Noticed Duvessa
  4090 | D:5      | Killed Duvessa
  4393 | D:5      | Found a broken altar of Ashenzari.
  4509 | D:5      | Reached skill level 5 in Fighting
  4868 | D:5      | Found Dyohocsy's Magic Scroll Boutique.
  4885 | D:5      | Bought a scroll of teleportation for 45 gold pieces
  4885 | D:5      | Bought a scroll of revelation for 112 gold pieces
  4885 | D:5      | Bought a scroll of identify for 30 gold pieces
  4885 | D:5      | Bought a scroll of fog for 60 gold pieces
  4942 | D:5      | Reached skill level 6 in Shapeshifting
  5147 | D:5      | Reached XP level 9. HP: 8/62 MP: 9/9
  5152 | D:5      | Reached skill level 7 in Shapeshifting
  5491 | D:5      | Noticed Pikel
  5510 | D:5      | Killed Pikel
  5511 | D:5      | Reached skill level 8 in Shapeshifting
  5514 | D:5      | Killed Dowan
  5917 | D:6      | Reached skill level 9 in Shapeshifting
  5952 | D:6      | Found a hazy altar of Hepliaklqana.
  6335 | D:6      | Found a shimmering altar of Xom.
  6452 | D:6      | HP: 1/62 [something (11)]
  6810 | D:6      | Reached skill level 10 in Shapeshifting
  6924 | D:6      | Reached XP level 10. HP: 31/69 MP: 10/10
  7152 | D:6      | Found a snail-covered altar of Cheibriados.
  7188 | D:6      | Found a hide-covered altar of Uskayaw.
  7244 | D:7      | Found a basalt altar of Yredelemnul.
  7265 | D:7      | Found a blossoming altar of Fedhas.
  7276 | D:7      | Noticed Joseph
  7276 | D:7      | Noticed Prince Ribbit
  7285 | D:7      | Killed Joseph
  7293 | D:7      | Slain by Prince Ribbit

Illustrated notes

Levels and vault maps discovered:
D:1:      dpeg_arrival_solitude, layout_basic, st_stairs_7,
          chequers_mini_garden, minmay_worlds_worst_comb
D:2:      layout_basic
D:3:      layout_loops_ring, grunt_dithmenos_smoke_and_mirrors,
          hellmonk_ecumenical_altar_heavens_door, fountainhead
D:4:      layout_loops_corners, ebering_ghost_rock_garden, uniq_eustachio
D:5:      layout_cave_pools, evilmike_ruin_ashenzari, serial_gnoll_camp,
          gnoll_camp_mini_house, gnoll_camp_mini_shop, gnoll_camp_mini_hut,
          gnoll_camp_huts_basic, uniq_duvessa, uniq_pikel
D:6:      layout_basic, cheibriados_altar_1, nicolae_hepliaklqana_hazy_memory,
          mainiacjoe_overflow_tiny_flanked, lemuel_coloured_pillars_altar,
          kennysheep_generic_room_9
D:7:      layout_rooms, mainiacjoe_overflow_paths, kennysheep_little_box,
          jmf_multi_god_temple2, grunt_gozag_breadcrumbs,
          minmay_temple_entry_sparse_star, enter_bailey_4, uniq_joseph,
          uniq_prince_ribbit1

Skill      XL: |  1  2  3  4  5  6  7  8  9 10 |
---------------+-------------------------------+-----
Stealth        | 1 2 3 5 |  5.0
Fighting       | 2 3 4 6 |  6.8
Unarmed Combat | 4 5 6 |  6.0
Shapeshifting  | 4 5 6 10 | 10.0
Dodging        | 3 |  3.8

Action                     |  1- 3 |  4- 6 |  7- 9 | 10-12 || total
---------------------------+-------+-------+-------+-------++-------
  Melee: Unarmed           |    41 |    72 |   140 |     9 ||   262
         Constrict         |     9 |    20 |    39 |     3 ||    71
         Tentacles         |     4 |    29 |    34 |     3 ||    70
         Punch             |       |     3 |    10 |       ||    13
    Use: Scroll            |       |       |    11 |     1 ||    12
         Potion            |       |       |     7 |       ||     7
   Stab: Sleeping          |     5 |    13 |     4 |     1 ||    23
         Distracted        |       |       |     2 |       ||     2
 Armour: Skin              |    12 |    12 |    88 |     7 ||   119
  Dodge: Dodged            |    16 |    18 |    72 |     4 ||   110
  Block: Other             |       |     7 |    29 |     4 ||    40
         Reflection        |       |       |     3 |     2 ||     5
   Form: Flux              |       |       |     1 |       ||     1

Table legend: (Time is in decaauts)
 A = Elapsed time spent in this place.
 B = Non-inter-level travel time spent in this place.
 C = Inter-level travel time spent in this place.
 D = Time resting spent in this place.
 E = Time spent auto-exploring this place.
 F = Levels seen in this place.
 G = Mean time per level.
                   A        B        C        D        E       F      G
               +--------+--------+--------+--------+--------+-----+--------+
         Total |   7274 |   6906 |    368 |   2245 |   3656 |   7 | 1039.1 |
       Dungeon |   7274 |   6906 |    368 |   2245 |   3656 |   7 | 1039.1 |
               +--------+--------+--------+--------+--------+-----+--------+

Top non-repeatable levels by time:
     D:5: 2115 daAuts
     D:4: 1688 daAuts
     D:2: 1053 daAuts
     D:6: 932 daAuts
     D:1: 743 daAuts
     D:3: 680 daAuts
     D:7: 60 daAuts
